 Dungeon Crawl Stone Soup version 0.26.1-11-gd32895ea62 (webtiles) character file.

Game seed: 13096378233240845188

527 RepoMan the Covert (level 7, -2/41 HPs)
             Began as a Vampire Brigand on July 20, 2021.
             Slain by a scorpion zombie (7 damage)
             ... in an ossuary.
             The game lasted 00:22:14 (3880 turns).

RepoMan the Covert (Vampire Brigand)                Turns: 3880, Time: 00:22:15

Health: -2/41      AC:  3    Str: 10    XL:     7   Next: 2%
Magic:  7/7        EV: 13    Int: 15    God:
Gold:   203        SH:  0    Dex: 16    Spells: 6/6 levels left

rFire    . . .     SeeInvis +   a - +2 dagger
rCold    + + .     Faith    .   (no shield)
rNeg     + + +     Spirit   .   b - +0 robe
rPois    ∞         Reflect  .   (no helmet)
rElec    .         Harm     .   c - +0 cloak
rCorr    .         Rampage  .   (no gloves)
Will     .....                  (no boots)
Stlth    ++++++....             l - amulet of the acrobat
HPRegen  0.00/turn              r - ring of poison resistance
MPRegen  0.10/turn              (no ring)

@: flying, bloodless
A: fangs 3, see invisible, unbreathing
a: Bat Form, Revivify


You were in an ossuary.
You visited 1 branch of the dungeon, and saw 4 of its levels.
You also visited: Ossuary.

You collected 203 gold pieces.

Inventory:

Hand Weapons
 a - a +2 dagger (weapon)
Missiles
 d - 21 poisoned darts
 e - 2 curare-tipped darts (quivered)
Armour
 b - a +0 robe (worn)
 c - a +0 cloak (worn)
Jewellery
 l - an amulet of the acrobat (around neck)
 r - a ring of poison resistance (left hand)
Scrolls
 f - 6 scrolls of identify {unknown}
 i - 2 scrolls of fog {unknown}
 m - a scroll of blinking {unknown}
 o - a scroll of magic mapping {unknown}
 p - a scroll of immolation {unknown}
 q - 3 scrolls of teleportation {unknown}
 v - a scroll of remove curse {unknown}
Potions
 g - 3 potions of flight
 h - 2 potions of heal wounds {unknown}
 j - 2 potions of cancellation {unknown}
 k - a potion of curing
 n - a potion of attraction {unknown}
 s - a potion of might {unknown}
 t - 2 potions of brilliance {unknown}
 u - a potion of resistance {unknown}


   Skills:
 + Level 3.2 Fighting
 + Level 4.1 Short Blades
 + Level 2.8 Throwing
 + Level 2.9 Dodging
 * Level 9.1 Stealth


You had 6 spell levels left.
You didn't know any spells.
Your spell library was empty.

Dungeon Overview and Level Annotations

Branches:
Dungeon (4/15)            Ossuary (1/1)
 Temple: D:4-7

Altars:
Sif Muna
Wu Jian
Xom


Innate Abilities, Weirdness & Mutations

You do not regenerate when monsters are visible.
You are frail without blood (-20% HP).
You can heal yourself when you bite living creatures.
You are immune to poison.
You have razor-sharp teeth.
You have supernaturally acute eyesight. (SInv)
You can survive without breathing.


Message History

You hit the scorpion zombie.
The scorpion zombie is severely damaged.
The scorpion zombie misses you.
You hit the scorpion zombie.
The scorpion zombie is almost destroyed.
You hit the scorpion zombie but do no damage.
The scorpion zombie is almost destroyed.
The scorpion zombie hits you.
* * * LOW HITPOINT WARNING * * *
You hit the scorpion zombie.
The scorpion zombie is almost destroyed.
The scorpion zombie hits you.
* * * LOW HITPOINT WARNING * * *
You hit the scorpion zombie.
You bite the scorpion zombie, but do no damage.
The scorpion zombie is almost destroyed.
You hit the scorpion zombie but do no damage.
The scorpion zombie is almost destroyed.
The scorpion zombie hits you!
You die...

##########+##
#...#...#!..#
#...8...#..?#
#.......#M.!#
##8...8######
#.......#^^^#
#...8...Z^^^#
..Z#..@#^^^#
######'##
#...#...#
#...8.†.#
#.......#
##8...8##
#.......#
#...8...#
#...#...#


You could see a scorpion zombie.

Vanquished Creatures
  An ogre (D:4)
  4 scorpions
  A howler monkey (D:4)
  A worker ant (D:4)
  A mummy (D:4)
  4 adders
  2 scorpion zombies (Ossuary)
  An ufetubus (D:2)
  An ooze (D:1)
  2 worms
  2 dart slugs
  5 leopard geckos
  10 orcs
  11 bats
  3 giant cockroaches
  5 goblins
  12 hobgoblins
  A quokka (D:2)
  3 frilled lizards
  A goblin zombie (D:4)
  6 kobolds
  8 rats
85 creatures vanquished.

Notes
Turn   | Place    | Note
-------+----------+-------------------------------------------
     0 | D:1      | RepoMan the Vampire Brigand began the quest for the Orb.
     0 | D:1      | Reached XP level 1. HP: 16/16 MP: 1/1
   167 | D:1      | Reached skill level 6 in Stealth
   167 | D:1      | Reached XP level 2. HP: 17/17 MP: 2/2
  1144 | D:1      | Reached XP level 3. HP: 21/21 MP: 3/3
  2010 | D:2      | Reached XP level 4. HP: 26/26 MP: 4/4
  2032 | D:2      | Reached skill level 7 in Stealth
  3036 | D:3      | Found a shimmering blue altar of Sif Muna.
  3165 | D:3      | Found a shimmering altar of Xom.
  3165 | D:3      | Found an ornate altar of the Wu Jian Council.
  3264 | D:3      | Reached XP level 5. HP: 31/31 MP: 5/5
  3383 | D:4      | Reached skill level 8 in Stealth
  3476 | D:4      | Noticed an ogre
  3496 | D:4      | Reached XP level 6. HP: 16/36 MP: 6/6
  3691 | D:4      | Found a sand-covered staircase.
  3696 | Ossuary  | Entered an ossuary
  3822 | Ossuary  | Reached skill level 9 in Stealth
  3822 | Ossuary  | Reached XP level 7. HP: 41/41 MP: 7/7
  3869 | Ossuary  | HP: 1/41 [scorpion zombie (7)]
  3880 | Ossuary  | Slain by a scorpion zombie

Illustrated notes

Levels and vault maps discovered:
D:1:      heliophobic_arrival_dark_side_of_the_moon, layout_loops_corners
D:2:      layout_basic
D:3:      layout_rooms, amethyst_overflow_temple_binary, lemuel_blue_sif_altar
D:4:      layout_basic, grunt_temple_overflow_holy_war,
          nicolae_ossuary_entry_giza
Ossuary:  ossuary_minmay_scorpions

Skill      XL: |  1  2  3  4  5  6 |
---------------+-------------------+-----
Stealth        | 6 7 8 9 |  9.1
Fighting       | 2 3 |  3.2
Throwing       | 2 |  2.8
Short Blades   | 3 4 |  4.1
Dodging        | 2 |  2.9

Action                   |  1- 3 |  4- 6 |  7- 9 || total
-------------------------+-------+-------+-------++-------
Melee: Dagger            |    79 |    99 |    39 ||   217
       Bite              |     1 |     8 |     3 ||    12
Throw: Dart              |    29 |    28 |       ||    57
 Abil: Exsanguinate      |     1 |       |       ||     1
  Use: Potion            |       |       |     3 ||     3
 Stab: Sleeping          |    21 |    14 |       ||    35
Armor: Robe              |     8 |    10 |     1 ||    19
Dodge: Dodged            |    25 |    67 |    17 ||   109
